 Dungeon Crawl Stone Soup version 0.19.0-2-gae57169 (webtiles) character file.

91 Monsterracer the Firebug (level 4, 0/24 HPs)
             Began as a Deep Elf Fire Elementalist on Nov 6, 2016.
             Succumbed to an adder's poison
             ... on level 2 of the Dungeon.
             The game lasted 00:10:47 (1743 turns).

Monsterracer the Firebug (DEFE)                     Turns: 1743, Time: 00:10:48

Health: 0/24       AC:  2    Str:  9    XL:     4   Next: 33%
Magic:  2/11       EV: 13    Int: 21    God:
Gold:   43         SH:  0    Dex: 15    Spells: 3 memorised, 2 levels left

rFire  . . .     SeeInvis .     k - +1 dagger (speed)
rCold  . . .     Gourm    +     a - +0 robe
rNeg   + . .     Faith    .     (no shield)
rPois  .         Spirit   .     (no helmet)
rElec  .         Reflect  .     (no cloak)
rCorr  .         Harm     .     (no gloves)
MR     .....                    (no boots)
Stlth  ++........               i - amulet of the gourmand
                                j - ring of positive energy
                                h - +4 ring of strength

@: lethally poisoned (0 -> -6), very slightly contaminated
A: no striking features
a: no special abilities


You were on level 2 of the Dungeon.
You were not hungry.

You visited 1 branch of the dungeon, and saw 2 of its levels.

You collected 43 gold pieces.

Inventory:

Hand Weapons
 k - a +1 dagger of speed (weapon)
Armour
 a - a +0 robe (worn)
Jewellery
 h - a +4 ring of strength (left hand)
 i - an amulet of the gourmand (around neck)
 j - a ring of positive energy (right hand)
Scrolls
 d - a scroll of teleportation {unknown}
 e - a scroll of fear {unknown}
 f - a scroll of remove curse {unknown}
Books
 b - a book of Flames

   Spells                             Type                      Level
   a - Flame Tongue                   Conjuration/Fire             1
   b - Throw Flame                    Conjuration/Fire             2
   c - Conjure Flame                  Conjuration/Fire             3
   d - Inner Flame                    Hexes/Fire                   3
   e - Sticky Flame                   Conjuration/Fire             4
   f - Fireball                       Conjuration/Fire             5
Comestibles
 c - 3 bread rations
 g - a beef jerky


   Skills:
 - Level 2.4 Dodging
 - Level 2.4 Stealth
 + Level 3.7 Spellcasting
 * Level 2.4 Conjurations
 * Level 4.8 Fire Magic


You had 2 spell levels left.
You knew the following spells:

 Your Spells              Type           Power        Failure   Level  Hunger
a - Flame Tongue          Conj/Fire      ###..        2%          1    None
b - Conjure Flame         Conj/Fire      ###.....     10%         3    ###....
c - Sticky Flame          Conj/Fire      ###.....     28%         4    ####...


Dungeon Overview and Level Annotations

Branches:
Dungeon (2/15)

Altars:
Fedhas


Message History

Aiming: Flame Tongue
Press: ? - help, Shift-Dir - straight line, f/p - adder
Aim: an adder (almost dead)
The flame tongue misses the adder.
* * * LOW HITPOINT WARNING * * *
You feel sick. The adder closely misses you.
Casting: Flame Tongue
Confirm with . or Enter, or press ? or * to list all spells.
Aiming: Flame Tongue
Press: ? - help, Shift-Dir - straight line, f/p - adder
Aim: an adder (almost dead)
The flame tongue hits the adder.
You kill the adder!
* * * LOW HITPOINT WARNING * * *
You feel sick.
* * * LOW HITPOINT WARNING * * *
You feel sick.
* * * LOW HITPOINT WARNING * * *
You feel sick.
You die...

........# #.......#
........# #.......#
........# #.......####
......†.######
#.......'.<#
........'....##
#.......####
........####..# ######'###
........# ##.###......#
#############..##.###..###
...............>@..#.....#
##############..#..#..####
########.#..#....#
#...÷..#....##.#.#
#.####.#...###.#.####
#.#...................
#.#.##.#...###########
#######÷#....#...##
#............#)...##


There were no monsters in sight!

Vanquished Creatures
  4 adders (D:2)
  5 dart slugs
  2 leopard geckos
  2 bats
  3 giant cockroaches
  7 goblins (D:1)
  3 hobgoblins
  2 jackals (D:2)
  4 kobolds
  A quokka (D:2)
  3 frilled lizards
  8 rats
44 creatures vanquished.

Notes
Turn   | Place    | Note
-------+----------+-------------------------------------------
     0 | D:1      | Monsterracer the Deep Elf Fire Elementalist began the quest for the Orb.
     0 | D:1      | Reached XP level 1. HP: 10/10 MP: 6/6
   187 | D:1      | Reached XP level 2. HP: 15/15 MP: 5/8
   556 | D:1      | Reached skill level 4 in Fire Magic
   824 | D:1      | Reached XP level 3. HP: 19/19 MP: 6/10
   829 | D:1      | Learned a level 3 spell: Conjure Flame
   868 | D:2      | Found a blossoming altar of Fedhas.
  1318 | D:2      | Reached XP level 4. HP: 20/24 MP: 8/11
  1518 | D:2      | Learned a level 4 spell: Sticky Flame
  1740 | D:2      | HP: 1/24 [poisoned by an adder]
  1743 | D:2      | Succumbed to an adder's poison

Skill      XL: |  1  2  3 |
---------------+----------+-----
Fire Magic     | 4 |  4.8
Conjurations   | 2 |  2.4
Dodging        | |  2.4
Stealth        | |  2.4
Spellcasting   | |  3.7

Action                   |  1- 3 |  4- 6 || total
-------------------------+-------+-------++-------
Melee: Unarmed           |     3 |       ||     3
       Short sword       |     2 |       ||     2
 Cast: Flame Tongue      |    56 |    18 ||    74
       Conjure Flame     |     1 |       ||     1
       Sticky Flame      |       |     1 ||     1
  Use: Potion            |     4 |       ||     4
       Scroll            |     1 |       ||     1
  Eat: Chunk             |     2 |     2 ||     4
Armor: Robe              |     1 |     1 ||     2
Dodge: Dodged            |    10 |     9 ||    19
